 Dungeon Crawl Stone Soup version 0.16-a0-783-gf476f6a (webtiles) character file.

244 PolkaDot the Insei (level 5, -2/36 HPs)
             Began as a Vampire Transmuter on Sept 26, 2014.
             Slain by Duvessa
             ... wielding a cursed +0 short sword
              (8 damage)
             ... on Level 4 of the Dungeon.
             The game lasted 00:11:33 (2693 turns).

PolkaDot the Insei (Vampire Transmuter)             Turns: 2693, Time: 00:11:34

HP  -2/36        AC  4     Str  9      XL: 5   Next: 83%
MP   9/9         EV 18     Int 20      God:
Gold 218         SH  0     Dex 20      Spells:  3 memorised,  1 level left

rFire  + . .     SeeInvis +       - Unarmed
rCold  + . .     Clarity  .     c - +0 robe
rNeg   . . .     rCorr    +     (no shield)
rPois  +         rRot     .     r - +1 helmet
rElec  +         Spirit   .     (no cloak)
SustAb .         Warding  .     (no gloves)
rMut   .         Stasis   .     (no boots)
Gourm  .                        (no amulet)
MR     .....                    (no ring)
                                (no ring)

@: confused, brilliant, agile, resistant, very slightly contaminated,
regenerating quickly, glowing, not resistant to hostile enchantments, very
unstealthy
A: fangs 3, see invisible, unbreathing
a: no special abilities


You were on level 4 of the Dungeon.
You were very full.

You visited 1 branch of the dungeon, and saw 4 of its levels.

You collected 218 gold pieces.

Inventory:

Missiles
 b - 32 arrows
Armour
 c - a +0 robe (worn)
 r - a +1 helmet (worn)
Scrolls
 e - a scroll of immolation {unknown}
 g - a scroll of fog {unknown}
 h - a scroll of enchant weapon {unknown}
 i - a scroll of recharging {unknown}
 k - a scroll of random uselessness {unknown}
 n - a scroll of magic mapping
 p - a scroll of remove curse {unknown}
 s - a scroll of teleportation {unknown}
 v - a scroll of noise {unknown}
Jewellery
 u - an uncursed ring of flight {unknown}
Books
 d - a book of Changes

   Spells                             Type                      Level
   *Beastly Appendage                 Transmutation                1
   *Sticks to Snakes                  Transmutation                2
   Spider Form                        Transmutation/Poison         3
   *Ice Form                          Ice/Transmutation            4
   Blade Hands                        Transmutation                5


   Skills:
 - Level 0.8 Fighting
 - Level 2.1 Dodging
 - Level 0.4 Stealth
 + Level 5.5 Unarmed Combat
 - Level 2.0 Spellcasting
 + Level 3.8 Transmutations
 * Level 2.7 Ice Magic


You had one spell level left.
You knew the following spells:

 Your Spells              Type           Power        Failure   Level  Hunger
a - Beastly Appendage     Trmt           ####..       1%          1    #......
s - Sticks to Snakes      Trmt           ####......   1%          2    ##.....
x - Ice Form              Ice/Trmt       ####....     6%          4    #####..


Dungeon Overview and Level Annotations

Branches:
Dungeon (4/15)
 Temple: D:4-7

Altars:
Ashenzari
Dithmenos
Fedhas
Kikubaaqudgha
Trog
Zin

Shops:
D:4 %

Portals:
Sewer: D:4

Annotations:
D:4 Dowan, Duvessa


Innate Abilities, Weirdness & Mutations

Your natural rate of healing is unusually fast.
You have razor-sharp teeth.
You have supernaturally acute eyesight.
You can survive without breathing.


Message History

Duvessa hits you with a short sword.
* * * LOW HITPOINT WARNING * * *
You hit Duvessa.
Duvessa is moderately wounded.
Dowan casts a spell at you.
You are outlined in light.
You bump into the rock wall.
Duvessa hits you but does no damage.
You hear the rusting of a drain.
You bump into the rock wall.
Your extra speed is starting to run out.
Duvessa misses you.
You hit Duvessa but do no damage.
Duvessa is moderately wounded.
You hit Duvessa. Your bite misses Duvessa.
Duvessa is heavily wounded.
You bump into the rock wall.
You bump into the rock wall.
You feel yourself slow down. Duvessa hits you with a short sword!
You die...

.⌠*,,*,,,,.**,,,**.#,,,*,,***+**,
_.#,,+,....###+###.+,,,+,,,+,,**+
.⌠*,,*.....+.......#,,,*+***>,**,
.,*,,#..[..#.......#,,,*,,**,,**,
.#*,,#.....#....%..#,,,+,,**,,**,
#*#,,+.....##..#≈#.#,,,*,,,+,,**,
*...,#.....##'##e#...,,,+,,,,,,+,
#.(.,#.....##..#e#.#e..,,,,*,,**,
..#+##.........#@#.'.....,,*+***,
..+........##..#≈#.#,...,,,*,,,,,
..#.##....)##..#≈#.#,,.,,,,+,,,,,
+##.##.........#≈#.#,,,,,,,*,,**,
..'.'......##..#∩#.*,,,,,,,**+**+
###.##.....##+##≈#,*,,,,,,,*,,,+,
**#+##......#,,###,*,,,,,,,+,,,*,
,,,,+.......+,,,,,+*,,,,,,,*,,**,
,,,,.........o,,,,,,,,,,,,,*,,**,


You could see Duvessa and Dowan.

Vanquished Creatures
  2 vampire bats (D:4)
  An orc wizard (D:3)
  4 adders
  2 giant mites
  A worm (D:2)
  An adder skeleton (D:3)
  2 giant geckos
  An ooze (D:1)
  3 orcs
  3 bat skeletons (D:4)
  A bat zombie (D:4)
  2 giant cockroaches (D:1)
  8 goblins
  7 hobgoblins
  3 jackals (D:3)
  11 kobolds
  2 quokkas
  8 bats
  2 giant newts
  A goblin zombie (D:3)
  A hobgoblin skeleton (D:4)
  11 rats
77 creatures vanquished.

Notes
Turn   | Place    | Note
--------------------------------------------------------------
     0 | D:1      | PolkaDot, the Vampire Transmuter, began the quest for the Orb.
     0 | D:1      | Reached XP level 1. HP: 14/14 MP: 3/3
     2 | D:1      | Learned a level 1 spell: Beastly Appendage
   397 | D:1      | Reached XP level 2. HP: 18/20 MP: 4/4
   548 | D:1      | Learned a level 2 spell: Sticks to Snakes
   600 | D:1      | Reached skill level 4 in Unarmed Combat
   670 | D:1      | Reached XP level 3. HP: 21/25 MP: 6/6
   919 | D:2      | Found a shadowy altar of Dithmenos.
  1508 | D:2      | Reached XP level 4. HP: 31/31 MP: 5/7
  1565 | D:2      | Reached skill level 5 in Unarmed Combat
  1693 | D:3      | Learned a level 4 spell: Ice Form
  1875 | D:3      | Found a bloodstained altar of Trog.
  1878 | D:3      | Found a glowing silver altar of Zin.
  1948 | D:3      | Found a blossoming altar of Fedhas.
  1951 | D:3      | Found a shattered altar of Ashenzari.
  2105 | D:3      | Reached skill level 1 in Ice Magic
  2355 | D:3      | Reached XP level 5. HP: 36/36 MP: 9/9
  2446 | D:4      | Found Smegh's Food Emporium.
  2475 | D:4      | Found an ancient bone altar of Kikubaaqudgha.
  2620 | D:4      | Found a glowing drain.
  2622 | D:4      | Noticed Duvessa
  2624 | D:4      | Noticed Dowan
  2693 | D:4      | Slain by Duvessa

Action                   |  1- 3 |  4- 6 || total
-------------------------+-------+-------++-------
Melee: Unarmed           |   139 |   156 ||   295
 Cast: Beastly Appendage |     6 |     6 ||    12
  Use: Potion            |     1 |    10 ||    11
       Scroll            |       |     7 ||     7
  Eat: Corpse            |    12 |    10 ||    22
